 Dungeon Crawl Stone Soup version 0.27.0-1-g7a089689b8 (webtiles) character file.

Game seed: 15351123609172055440

688 rvierbuc the Ruffian (level 7, -5/63 HPs)
             Began as a Troll Transmuter on Aug 4, 2021.
             Slain by an ogre (30 damage)
             ... on level 5 of the Dungeon.
             The game lasted 00:28:17 (2939 turns).

rvierbuc the Ruffian (Troll Transmuter)             Turns: 2939, Time: 00:28:18

Health: -5/63      AC:  4    Str: 20    XL:     7   Next: 36%
Magic:  5/8        EV: 10    Int: 10    God:
Gold:   147        SH:  0    Dex: 10    Spells: 7/10 levels left

rFire    . . .     SeeInvis .     - Unarmed
rCold    . . .     Faith    .   (no shield)
rNeg     . . .     Spirit   .   a - +0 robe
rPois    +         Reflect  .   (helmet currently unavailable)
rElec    .         Harm     .   (no cloak)
rCorr    .         Rampage  .   (gloves unavailable)
Will     .....                  (boots unavailable)
Stlth    +.........             (no amulet)
HPRegen  1.20/turn              (no ring)
MPRegen  0.11/turn              (no ring)

@: appendages (expiring), wereblooded, unable to read
A: horns 2, talons 2, large, unfitting armour, claws 3, regeneration 1, shaggy
fur 1, tough skin 1, low mp 1, poison resistance, inability to read while
threatened
a: End Transformation


You were on level 5 of the Dungeon.
You had temporarily grown beastly horns and talons.
You visited 1 branch of the dungeon, and saw 5 of its levels.

You collected 147 gold pieces.

Inventory:

Hand Weapons
 b - a +2 whip of flaming
Missiles
 m - 19 poisoned darts
 o - 11 bolts
Armour
 a - a +0 robe (worn)
Jewellery
 e - a ring of fire
 f - an amulet of magic regeneration
 j - a ring of protection from cold
Scrolls
 c - 2 scrolls of teleportation
 g - a scroll of enchant armour
 k - a scroll of amnesia {unknown}
 l - a scroll of noise {unknown}
 n - 3 scrolls of identify
 p - a scroll of summoning {unknown}
 r - a scroll of acquirement {unknown}
 s - a scroll of silence {unknown}
 t - a scroll of magic mapping {unknown}
Potions
 d - a potion of magic
 h - a potion of curing
 i - a potion of ambrosia
 q - a potion of brilliance {unknown}


   Skills:
 + Level 1.7 Fighting
 + Level 3.0 Dodging
 + Level 0.4 Stealth
 + Level 6.2 Unarmed Combat
 + Level 2.4 Spellcasting
 + Level 2.4 Transmutations


You had 7 spell levels left.
You knew the following spells:

 Your Spells              Type           Power      Damage    Failure   Level
a - Beastly Appendage     Tmut           12%        N/A       11%         1
b - Wereblood             Tmut           6%         N/A       17%         2

Your spell library contained the following spells:

 Spells                   Type           Power      Damage    Failure   Level
 Spider Form              Tmut/Pois      1%         N/A       50%         3
 Ice Form                 Ice/Tmut       3%         N/A       88%         4


Dungeon Overview and Level Annotations

Branches:
Dungeon (5/15)
 Temple: D:4-7

Altars:
Ru
Wu Jian


Innate Abilities, Weirdness & Mutations

You have temporarily grown beastly horns and talons.
You are too large for most types of armour.
You have claws for hands.
Your natural rate of healing is unusually fast.
You are covered in fur. (AC +1)
You have tough skin. (AC +1)
Your magical capacity is low. (-10% MP)
Your system is resistant to poisons. (rPois)
You sometimes lose the ability to read scrolls when taking damage.


Message History

The ogre shouts!
You closely miss the ice beast.
A bullfrog zombie comes into view.
The ice beast closely misses you.
You barely miss the ice beast. The ice beast hits you.
The ice beast freezes you!
You barely miss the ice beast.
The ice beast hits you but does no damage.
Casting: Beastly Appendage (safe; 12% risk of failure)
Confirm with . or Enter, or press ? or * to list all spells.
You miscast Beastly Appendage.
You are very lightly contaminated with residual magic.
Nothing appears to happen.
The ice beast closely misses you. The ogre barely misses you.
Casting: Beastly Appendage (safe; 12% risk of failure)
Confirm with . or Enter, or press ? or * to list all spells.
You grow a pair of large bovine horns.
Your feet morph into talons.
The ice beast barely misses you.
Casting: Beastly Appendage (safe; 12% risk of failure)
Confirm with . or Enter, or press ? or * to list all spells.
Your blood is infused with primal strength.
The ice beast hits you. The ice beast freezes you.
You feel threatened and lose the ability to read scrolls!
You barely miss the ice beast. Your kick misses the ice beast.
The ice beast hits you. The ice beast freezes you!
Your magical contamination has completely faded away.
You scratch the ice beast.
The ice beast is lightly wounded.
The ice beast closely misses you.
You claw the ice beast! x2
The ice beast is almost dead.
The ice beast hits you. The ice beast freezes you!
You scratch the ice beast. You claw the ice beast.
You feel a bit better.
You kill the ice beast!
Your transformation is almost over.
Your Dodging skill increases to level 3!
You scratch the ogre.
The ogre is lightly wounded.
The ogre hits you with a +0 giant club!!
You die...

.. ..#... #.##
#.# .. .###..
#.# #.# ... .#
##.# #.# ...
#######..# #.#
#........# .#
##.########
#..# #..##
#..@### .#
####OZ###...##
##....$...#
#).####...
#.## .## .# .#
Z.


You could see an ogre and a bullfrog zombie.

Vanquished Creatures
  Edmund (D:5)
  An ice beast (D:5)
  An ogre (D:5)
  A centaur (D:5)
  A jelly (D:4)
  An orc priest (D:4)
  A hound (D:5)
  An iguana (D:5)
  6 gnolls
  6 adders
  An ufetubus (D:5)
  3 worms
  A dart slug (D:3)
  6 orcs (D:4)
  4 endoplasms
  3 giant cockroaches
  6 goblins
  6 hobgoblins
  4 jackals (D:2)
  4 quokkas
  6 ball pythons
  6 bats
  A frilled lizard (D:1)
  3 kobolds
  4 rats
78 creatures vanquished.

Vanquished Creatures (others)
  4 fungi (D:1)
  3 plants (D:1)
7 creatures vanquished.

Grand Total: 85 creatures vanquished

Notes
Turn   | Place    | Note
-------+----------+-------------------------------------------
     0 | D:1      | rvierbuc the Troll Transmuter began the quest for the Orb.
     0 | D:1      | Reached XP level 1. HP: 18/18 MP: 1/1
   187 | D:1      | Reached XP level 2. HP: 26/26 MP: 3/3
   422 | D:1      | Found a faded altar of an unknown god.
   929 | D:2      | Reached XP level 3. HP: 32/32 MP: 2/4
   974 | D:2      | Reached skill level 1 in Fighting
  1057 | D:2      | Reached skill level 4 in Unarmed Combat
  1092 | D:2      | Reached XP level 4. HP: 38/41 MP: 5/5
  1249 | D:3      | Found a sacrificial altar of Ru.
  2175 | D:4      | Reached XP level 5. HP: 45/48 MP: 4/6
  2214 | D:4      | Gained mutation: You sometimes lose the ability to read
                  | scrolls when taking damage. [potion of mutation]
  2214 | D:4      | Gained mutation: Your system is resistant to poisons.
                  | (rPois) [potion of mutation]
  2214 | D:4      | Gained mutation: Your magical capacity is low. (-10% MP)
                  | [potion of mutation]
  2336 | D:4      | Reached skill level 5 in Unarmed Combat
  2349 | D:4      | Found an ornate altar of the Wu Jian Council.
  2355 | D:4      | Noticed a spectral centipede
  2355 | D:4      | Noticed a spectral black mamba
  2355 | D:4      | Noticed a spectral cane toad
  2635 | D:5      | Entered Level 5 of the Dungeon
  2635 | D:5      | Noticed a centaur
  2639 | D:5      | Killed a centaur
  2640 | D:5      | Reached XP level 6. HP: 48/55 MP: 7/7
  2849 | D:5      | Learned a level 2 spell: Wereblood
  2867 | D:5      | Noticed Edmund
  2887 | D:5      | Killed Edmund
  2888 | D:5      | Reached skill level 6 in Unarmed Combat
  2888 | D:5      | Reached XP level 7. HP: 11/62 MP: 6/8
  2939 | D:5      | Slain by an ogre

Illustrated notes

Levels and vault maps discovered:
D:1:      evilmike_arrival_rings, layout_loops_ring,
          shapermc_ecumenical_altar_acropolis, grunt_decor_fettered,
          hangedman_abyss_or_decor_lesser_grid
D:2:      layout_rooms
D:3:      layout_loops_ring, old_standard_altar, minmay_diced_spiral
D:4:      layout_rooms, pdpol_wu_jian_five_deadly_venoms, minivault_11,
          minmay_statues_item, minmay_manual_mullet
D:5:      layout_layer_cave, lemuel_tele_altar, uniq_ijyb, uniq_edmund

Skill      XL: |  1  2  3  4  5  6  7 |
---------------+----------------------+-----
Fighting       | 1 |  1.7
Unarmed Combat | 4 5 6 |  6.2
Dodging        | 2 3 |  3.0
Spellcasting   | 2 |  2.4
Transmutations | 2 |  2.4
Stealth        | |  0.4

Action                   |  1- 3 |  4- 6 |  7- 9 || total
-------------------------+-------+-------+-------++-------
Melee: Unarmed           |   114 |   107 |     8 ||   229
       Kick              |     7 |    18 |     2 ||    27
       Headbutt          |     8 |     7 |       ||    15
       Punch             |     3 |     1 |       ||     4
 Cast: Beastly Appendage |    13 |    15 |     1 ||    29
       Wereblood         |       |     1 |     1 ||     2
  Use: Scroll            |     1 |     5 |       ||     6
       Potion            |       |     2 |       ||     2
Armor: Robe              |    34 |    34 |     1 ||    69
Dodge: Dodged            |    46 |    48 |     5 ||    99
